 Dungeon Crawl Stone Soup version 0.24.0-125-gc4c63601f3 (webtiles) character file.

Game seed: 11376866099453039738, levelgen mode: deterministic

546 Curus the Poker (level 7, -1/57 HPs)
             Began as a Minotaur Abyssal Knight on Feb 20, 2020.
             Was a Priest of Lugonu.
             Slain by an orc warrior
             ... wielding a cursed -2 short sword
              (9 damage)
             ... on level 4 of the Dungeon.
             The game lasted 00:16:06 (4014 turns).

Curus the Poker (Minotaur Abyssal Knight)           Turns: 4014, Time: 00:16:06

Health: -1/57      AC: 14    Str: 16 (17) XL:     7   Next: 6%
Magic:  10/10      EV:  4    Int:  8 (9)  God:    Lugonu [***...]
Gold:   181        SH:  0    Dex:  9 (11) Spells: 6/6 levels left

rFire    . . .     SeeInvis .   a - +1 spear
rCold    . . .     Gourm    .   (no shield)
rNeg     . . .     Faith    .   e - +1 plate armour
rPois    .         Spirit   .   (helmet restricted)
rElec    .         Reflect  .   (no cloak)
rCorr    .         Harm     .   l - +0 pair of gloves
MR       .....                  k - +0 pair of boots
Stlth    ..........             j - amulet of the acrobat
HPRegen  0.19/turn              d - ring of flight
MPRegen  0.12/turn              h - ring of wizardry

@: lightly drained
A: retaliatory headbutt, horns 2
a: Depart the Abyss, Bend Space, Banish, Renounce Religion, Evoke Flight


You were on level 4 of the Dungeon.
You worshipped Lugonu.
Lugonu was most pleased with you.
You were very hungry.

You visited 1 branch of the dungeon, and saw 4 of its levels.
You visited the Abyss 1 time.

You collected 181 gold pieces.

Inventory:

Hand Weapons
 a - a +1 spear (weapon)
Armour
 b - a +0 leather armour
 e - a +1 plate armour (worn)
 k - a +0 pair of boots (worn)
 l - a +0 pair of gloves (worn)
Jewellery
 d - a ring of flight (left hand)
 f - an uncursed amulet of harm
 h - a ring of wizardry (right hand)
 j - an amulet of the acrobat (around neck)
Scrolls
 i - a scroll of identify
Potions
 g - a potion of curing
Comestibles
 c - 9 rations


   Skills:
 - Level 3.6(3.3) Fighting
 + Level 6.8(6.4) Polearms
 - Level 2.4(2.1) Armour
 - Level 1.1(0.8) Dodging
 + Level 5.5(5.2) Invocations


You had 6 spell levels left.
You didn't know any spells.
Your spell library was empty.

Dungeon Overview and Level Annotations

Branches:
Dungeon (4/15)
 Temple: D:4-7

Altars:
Dithmenos
Okawaru
Qazlal


Innate Abilities, Weirdness & Mutations

You reflexively headbutt those who attack you in melee.
You have a pair of horns on your head.


Message History

You headbutt the orc warrior, but do no damage.
Okay, then.
Unknown command.
You hit the orc warrior but do no damage.
The orc warrior is almost dead.
You hit the orc warrior but do no damage.
The orc warrior is almost dead.
The orc warrior hits you but does no damage.
You hit the orc warrior but do no damage.
The orc warrior is almost dead.
The orc warrior hits you but does no damage.
Press: ? - help, Shift-Dir - straight line, f - orc warrior
Aim: an orc warrior, wielding a -2 short sword and wearing a +0 plate armour (almost dead, chance to defeat MR: 83%)
You fail to use your ability.
The orc warrior hits you with a cursed -2 short sword.
* * * LOW HITPOINT WARNING * * *
You hit the orc warrior but do no damage.
The orc warrior is almost dead.
The orc warrior hits you with a cursed -2 short sword!
You die...

###....##.########...#######
##.#...#.#8###8##...##8###8
#..........................
#.................8........
###.##.....................
####...#8###8##...##8###8
#...########...#######
##.......# 8...8##..#
#.#.@o..###...###..##
###......##...# ##...
##.......##...####...
>##....#.###8.รท.8#.....
......##.####...##.##..
.....##...#........###.
#......#...#.....#.#....
.........<.......#.#...#
..................#(#.#


You could see an orc warrior.

Vanquished Creatures
  Grinder (D:4)
  3 orc priests (D:3)
  2 orc wizards (D:3)
  2 iguanas (D:4)
  A worker ant (D:4)
  A gnoll (D:1)
  4 adders
  A worm (D:4)
  An adder skeleton (D:4)
  2 dart slugs
  3 leopard geckos (D:1)
  13 orcs (D:3)
  2 ball pythons
  4 giant cockroaches
  4 hobgoblins
  4 jackals (D:2)
  9 bats
  7 frilled lizards
  8 goblins
  6 kobolds
  5 rats
83 creatures vanquished.

Notes
Turn   | Place    | Note
-------+----------+-------------------------------------------
     0 | Abyss:1  | Curus the Minotaur Abyssal Knight began the quest for the
                  | Orb.
     0 | Abyss:1  | Reached XP level 1. HP: 19/19 MP: 1/1
    27 | D:1      | Escaped the Abyss
   198 | D:1      | Reached XP level 2. HP: 25/26 MP: 2/2
   217 | D:1      | Reached skill level 3 in Polearms
   736 | D:1      | Reached ** piety under Lugonu
   744 | D:1      | Reached XP level 3. HP: 24/31 MP: 2/4
  1768 | D:2      | Reached skill level 4 in Polearms
  2044 | D:3      | You fall into a shaft and drop 1 floor!
  2045 | D:4      | Noticed an orc warrior
  2053 | D:3      | Reached XP level 4. HP: 29/39 MP: 5/5
  2412 | D:2      | Found a stormy altar of Qazlal.
  2510 | D:3      | Reached XP level 5. HP: 25/45 MP: 6/6
  2545 | D:3      | Reached skill level 5 in Polearms
  2710 | D:3      | Found a shadowy altar of Dithmenos.
  3237 | D:4      | Reached XP level 6. HP: 42/51 MP: 8/8
  3293 | D:4      | Reached *** piety under Lugonu
  3536 | D:4      | Found an iron altar of Okawaru.
  3589 | D:4      | Reached skill level 6 in Polearms
  3776 | D:4      | Noticed Grinder
  3794 | D:4      | Paralysed by Grinder for 6 turns
  3812 | D:4      | Paralysed by Grinder for 3 turns
  3818 | D:4      | Killed Grinder
  3818 | D:4      | Reached skill level 5 in Invocations
  3818 | D:4      | Reached XP level 7. HP: 28/57 MP: 8/10
  4014 | D:4      | Slain by an orc warrior

Levels and vault maps discovered:
D:1:      lightli_arrival_windingriver, layout_loops_corners,
          minmay_pentomino_w2
D:2:      lemuel_upstairs_altar, layout_basic, grunt_ministairs_6
D:3:      layout_loops_ring, grunt_dithmenos_smoke_and_mirrors
D:4:      layout_cave_pools, kennysheep_okawaru_gauntlet,
          corexii_hall_statues_x, due_unseen_surprise, uniq_grinder

Skill      XL: |  1  2  3  4  5  6 |
---------------+-------------------+-----
Invocations    | 2 3 4 5 |  5.5
Polearms       | 3 4 5 6 |  6.8
Fighting       | |  3.6
Armour         | |  2.4
Dodging        | |  1.1

Action                   |  1- 3 |  4- 6 |  7- 9 || total
-------------------------+-------+-------+-------++-------
Melee: Spear             |   129 |   216 |    27 ||   372
       Headbutt          |    17 |    27 |     3 ||    47
  Use: Scroll            |     6 |     4 |       ||    10
       Potion            |     2 |     5 |       ||     7
  Eat: Chunk             |     3 |     6 |       ||     9
Armor: Plate armour      |    84 |   106 |     7 ||   197
       Leather armour    |     1 |       |       ||     1
Dodge: Dodged            |    39 |    31 |     4 ||    74
